 Dungeon Crawl Stone Soup version 0.28.0-43-g3370ac3207 (webtiles) character file.

Game seed: 16918570779116229254

4 silky the Cudgeller (level 1, 0/20 HPs)
             Began as a Minotaur Chaos Knight on Mar 30, 2022.
             Was a Plaything of Xom.
             Slain by a bat (1 damage)
             ... on level 1 of the Dungeon.
             The game lasted 00:00:21 (141 turns).

silky the Cudgeller (Minotaur Chaos Knight)          Turns: 141, Time: 00:00:22

Health: 0/20       AC:  5    Str: 16    XL:     1   Next: 58%
Magic:  0/0        EV:  8    Int:  9    God:    Xom [..*...]
Gold:   0          SH:  0    Dex:  9    Spells: 0/0 levels left

rFire   . . .      SeeInvis .   a - +0 mace (chaos)
rCold   . . .      Faith    .   (no shield)
rNeg    . . .      Spirit   .   b - +2 leather armour
rPois   .          Reflect  .   (helmet restricted)
rElec   .          Harm     .   (no cloak)
rCorr   .          Rampage  .   (no gloves)
Will    .....                   (no boots)
Stlth   +.........              (no amulet)
HPRegen 0.06/turn               (no ring)
MPRegen 0.07/turn               (no ring)

@: constricted
A: horns 2, retaliatory headbutt
a: Renounce Religion


You were on level 1 of the Dungeon.
You worshipped Xom.
You were a toy of Xom.
You visited 1 branch of the dungeon, and saw 1 of its levels.

Inventory:

Hand Weapons
 a - a +0 mace of chaos (weapon)
Armour
 b - a +2 leather armour (worn)
Potions
 c - a potion of cancellation {unknown}


   Skills:
 + Level 3.7 Fighting
 + Level 3.9 Maces & Flails
 + Level 2.6 Armour
 + Level 1.1 Dodging


You couldn't memorise any spells.
You didn't know any spells.
Your spell library was empty.

Dungeon Overview and Level Annotations

Branches:
Dungeon (1/15)

Altars:


Innate Abilities, Weirdness & Mutations

You have a pair of horns on your head.
You reflexively headbutt those who attack you in melee.


Message History

The giant cockroach bites you.
You hit the hobgoblin but do no damage.
The hobgoblin is almost dead.
The hobgoblin barely misses you. The ball python misses you.
The ball python grabs you. The ball python constricts you.
The giant cockroach barely misses you. The hobgoblin closely misses you.
You closely miss the hobgoblin.
The hobgoblin is almost dead.
The ball python bites you but does no damage.
The ball python constricts you. The giant cockroach bites you.
The quokka barely misses you. The ball python bites you.
* * * LOW HITPOINT WARNING * * *
The ball python constricts you. The hobgoblin barely misses you.
The giant cockroach closely misses you.
You hit the hobgoblin.
You kill the hobgoblin!
The quokka bites you.
* * * LOW HITPOINT WARNING * * *
The ball python bites you.
* * * LOW HITPOINT WARNING * * *
The ball python constricts you.
The giant cockroach bites you but does no damage.
The quokka bites you but does no damage.
The bat barely misses you.
You closely miss the quokka. The bat hits you but does no damage.
The bat barely misses you.
The ball python bites you but does no damage.
The ball python constricts you.
* * * LOW HITPOINT WARNING * * *
The giant cockroach closely misses you. The quokka bites you.
* * * LOW HITPOINT WARNING * * *
An endoplasm comes into view.
The ball python bites you but does no damage.
The ball python constricts you.
* * * LOW HITPOINT WARNING * * *
The endoplasm quivers.
You hit the giant cockroach. You headbutt the giant cockroach.
You kill the giant cockroach!
The bat hits you.
You die...

#................ .#
#................ ...
#...........#.### #.#
#.............####..#
............###....#
#..........###...).##
............#..)....##
......J^....brS†......
##....###.###@#.....#b
..##. ###S.†#..S.## ..
#. #.###.....# ...
..!..# #.# .....r. #..
....#.. ## ...#...


You could see an endoplasm, a quokka, a bat and 2 ball pythons.

Vanquished Creatures
  An endoplasm (D:1)
  A giant cockroach (D:1)
  A hobgoblin (D:1)
  A goblin (D:1)
  2 rats (D:1)
6 creatures vanquished.

Notes
Turn   | Place    | Note
-------+----------+-------------------------------------------
     0 | D:1      | silky the Minotaur Chaos Knight began the quest for the
                  | Orb.
     0 | D:1      | Reached XP level 1. HP: 19/19 MP: 0/0
     4 | D:1      | XOM: silly message
   140 | D:1      | HP: 1/20 [constriction (1)]
   141 | D:1      | Slain by a bat

Illustrated notes

Levels and vault maps discovered:
D:1:      erik_arrival_triangle_small, layout_rooms,
          dreamdust_ecumenical_altar_statues, serial_shops,
          nicolae_lakefront_shop, serial_bayou_pond_d, minmay_indecisive_spiral

Action                   || total
-------------------------++-------
Melee: Mace              ||    10
       Headbutt          ||     2
Armor: Leather armour    ||     8
Dodge: Dodged            ||    14
